 Dungeon Crawl Stone Soup version 0.18.1-50-g88ac8fd (webtiles) character file.

279 Kirkhe the Chopper (level 6, -2/47 HPs)
             Began as a Demonspawn Gladiator on Oct 12, 2016.
             Slain by an orc priest
             ... wielding a +0 whip
              (4 damage)
             ... on level 4 of the Dungeon.
             The game lasted 00:07:15 (3657 turns).

Kirkhe the Chopper (Demonspawn Gladiator)           Turns: 3657, Time: 00:07:16

Health: -2/47      AC:  7    Str: 18    XL:     6   Next: 5%
Magic:  6/6        EV: 11    Int:  9    God:
Gold:   160        SH:  0    Dex: 13    Spells: 0 memorised, 5 levels left

rFire  + . .     SeeInvis .     a - +0 war axe
rCold  + . .     Gourm    .     u - +0 ring mail
rNeg   . . .     Faith    .     (no shield)
rPois  .         Spirit   .     c - +0 helmet
rElec  .         Dismiss  .     (no cloak)
rCorr  .         Reflect  .     t - +0 pair of gloves
SustAt .         Harm     .     (no boots)
MR     .....                    (no amulet)
Stlth  +.........               r - ring of protection from cold
                                b - ring of protection from fire

@: not resistant to hostile enchantments, very unstealthy
A: powered by pain 1
a: no special abilities


You were on level 4 of the Dungeon.
You were not hungry.

You visited 1 branch of the dungeon, and saw 4 of its levels.

You collected 160 gold pieces.

Inventory:

Hand Weapons
 a - a +0 war axe (weapon)
Missiles
 d - 3 throwing nets (quivered)
 v - 4 tomahawks
 x - 35 poisoned needles
Armour
 c - a +0 helmet (worn)
 s - a +0 chain mail
 t - a +0 pair of gloves (worn)
 u - a +0 ring mail (worn)
Jewellery
 b - a ring of protection from fire (left hand)
 i - an uncursed ring of ice
 r - a ring of protection from cold (right hand)
Scrolls
 g - 3 scrolls of remove curse
 j - a scroll of teleportation
 q - a scroll of magic mapping
Potions
 e - 2 potions of flight
 k - a potion of berserk rage {unknown}
 l - a potion of curing
 m - 2 potions of brilliance
 n - a potion of degeneration {unknown}
 o - 2 potions of ambrosia {unknown}
Comestibles
 f - 3 bread rations
 h - a beef jerky


   Skills:
 + Level 3.5 Fighting
 + Level 4.3 Axes
 - Level 1.7 Throwing
 + Level 3.1 Armour
 - Level 2.6 Dodging


You had 5 spell levels left.
You didn't know any spells.

Dungeon Overview and Level Annotations

Branches:
Dungeon (4/15)
 Temple: D:4-7

Altars:


Innate Abilities, Weirdness & Mutations

You sometimes gain a little power by taking damage.


Message History

The orc priest hits you but does no damage.
You barely miss the orc priest.
The orc priest is severely wounded.
The orc priest mumbles some strange prayers to Beogh against you.
Pain shoots through your body! The orc priest hits you with a whip.
* * * LOW HITPOINT WARNING * * *
You are too injured to fight recklessly!
You are too injured to fight recklessly!
You closely miss the orc priest.
The orc priest is severely wounded.
The orc priest calls down the wrath of Beogh upon you.
Beogh smites you!
* * * LOW HITPOINT WARNING * * *
You barely miss the orc priest.
The orc priest is severely wounded.
The orc priest hits you but does no damage.
You hit the orc priest.
The orc priest is almost dead.
The orc priest hits you with a whip.
You die...

.# #.......# .# ####.#####.#
.###### #>...#####.# ......#
#.#.....##.#
.####.####....##÷##.# .#
#.......#.##.##.# .#
#########.......# .# ####÷####
.# #@### .# .##
############o..# .Z#
..###..............#######....
...##.........#.#..#....o.....
...##................o.<......
...##.........#.#.##..........
..###.............#######.....
### #####.........# ....
############.###### ...


You could see an orc priest.

Vanquished Creatures
  The ghost of Kloppie the Ducker, an amateur MfIE (D:3)
  A giant frog skeleton (D:4)
  An iguana (D:4)
  4 adders
  2 oozes (D:3)
  3 worms
  2 giant geckos
  5 orcs
  A ball python (D:1)
  8 bats
  7 giant cockroaches
  10 goblins
  11 hobgoblins
  6 jackals
  A quokka (D:3)
  4 giant newts
  11 kobolds
  7 rats
85 creatures vanquished.

Notes
Turn   | Place    | Note
--------------------------------------------------------------
     0 | D:1      | Kirkhe the Demonspawn Gladiator began the quest for the Orb.
     0 | D:1      | Reached XP level 1. HP: 16/16 MP: 1/1
   101 | D:1      | Reached skill level 3 in Axes
   343 | D:1      | Gained mutation: You sometimes gain a little power by taking damage. [demonic ancestry]
   343 | D:1      | Reached XP level 2. HP: 19/22 MP: 2/2
   780 | D:1      | Reached XP level 3. HP: 28/28 MP: 3/3
  1461 | D:2      | Reached skill level 1 in Armour
  1797 | D:3      | Reached XP level 4. HP: 34/34 MP: 4/4
  2488 | D:3      | Noticed Kloppie's ghost (amateur MfIE)
  3044 | D:3      | Reached skill level 4 in Axes
  3073 | D:3      | Reached XP level 5. HP: 39/41 MP: 5/5
  3243 | D:3      | Killed Kloppie's ghost
  3494 | D:4      | Reached XP level 6. HP: 25/47 MP: 6/6
  3655 | D:4      | HP: 2/47 [orc priest/divine providence (12)]
  3657 | D:4      | Slain by an orc priest

Skill      XL: |  1  2  3  4  5 |
---------------+----------------+-----
Axes           | 3 4 |  4.3
Armour         | 1 2 3 |  3.1
Fighting       | 3 |  3.5
Throwing       | |  1.7
Dodging        | |  2.6

Action                   |  1- 3 |  4- 6 || total
-------------------------+-------+-------++-------
Melee: War axe           |   145 |   180 ||   325
Throw: Throwing net      |       |     3 ||     3
       Tomahawk          |       |     3 ||     3
  Use: Scroll            |     4 |     9 ||    13
       Potion            |       |     3 ||     3
 Stab: Sleeping          |     1 |       ||     1
  Eat: Chunk             |     3 |     6 ||     9
Armor: Leather armour    |    26 |       ||    26
       Ring mail         |    42 |    72 ||   114
Dodge: Dodged            |   131 |   104 ||   235
